 Dungeon Crawl Stone Soup version 0.28-a0-915-gcd63401287 (webtiles) character file.

Game seed: 7210977175950988224

52 mcbry74 the Poker (level 3, -1/29 HPs)
             Began as a Merfolk Gladiator on Nov 25, 2021.
             Slain by a hobgoblin (2 damage)
             ... led by Robin
             ... on level 2 of the Dungeon.
             The game lasted 00:05:16 (1300 turns).

mcbry74 the Poker (Merfolk Gladiator)               Turns: 1300, Time: 00:05:16

Health: -1/29      AC:  4    Str: 14    XL:     3   Next: 85%
Magic:  3/3        EV: 13    Int:  8    God:
Gold:   64         SH:  0    Dex: 15    Spells: 2/2 levels left

rFire   . . .      SeeInvis .   a - +0 trident
rCold   . . .      Faith    .   (no shield)
rNeg    . . .      Spirit   .   b - +0 leather armour
rPois   .          Reflect  .   c - +0 helmet
rElec   .          Harm     .   (no cloak)
rCorr   .          Rampage  .   (no gloves)
Will    .....                   (no boots)
Stlth   +.........              (no amulet)
HPRegen 0.09/turn               (no ring)
MPRegen 0.08/turn               (no ring)

@: lethally poisoned (-1 -> -8)
A: (nimble swimmer 2), mertail
a: no special abilities


You were on level 2 of the Dungeon.
You visited 1 branch of the dungeon, and saw 2 of its levels.

You collected 64 gold pieces.

Inventory:

Hand Weapons
 a - a +0 trident (weapon)
Missiles
 d - 3 throwing nets (quivered)
 e - 36 stones
Armour
 b - a +0 leather armour (worn)
 c - a +0 helmet (worn)
Scrolls
 f - a scroll of teleportation {unknown}


   Skills:
 + Level 3.5 Fighting
 + Level 5.7 Polearms
 - Level 2.0 Throwing
 - Level 4.0 Dodging


You had 2 spell levels left.
You didn't know any spells.
Your spell library was empty.

Dungeon Overview and Level Annotations

Branches:
Dungeon (2/15)

Altars:

Annotations:
D:2 Robin


Innate Abilities, Weirdness & Mutations

((You are quick and stealthy near water. (Stealth+, EV+, Speed+++)))
Your lower body shifts to a powerful aquatic tail in water.


Message History

You barely miss the goblin. The goblin hits you with a +0 club.
You closely miss the goblin. The goblin closely misses you.
You barely miss the goblin. The goblin barely misses you.
You hit the goblin.
You kill the goblin!
No target in view!
You start resting.
A goblin comes into view. It is wielding a +1 dagger of venom.
The goblin shouts!
You hear a shout! x4
A hobgoblin comes into view.
You hear a shout!
You hear a shout!
A hobgoblin comes into view.
You reach to attack!
You puncture the hobgoblin!
You kill the hobgoblin! 2 goblins, a hobgoblin and Robin come into view.
Robin shouts!
The goblin shouts!
The hobgoblin shouts!
You see here a +0 club.
You barely miss the goblin. The goblin hits you but does no damage.
You barely miss the hobgoblin. The goblin closely misses you.
The hobgoblin hits you.
Robin roars a battlecry!
The goblins go into a battle-frenzy!
You puncture the hobgoblin!
You kill the hobgoblin!
The goblin hits you with a +1 dagger of venom.
You are lethally poisoned!
You hit the hobgoblin but do no damage.
You feel very sick. The goblin barely misses you. The hobgoblin hits you.
* * * LOW HITPOINT WARNING * * *
You hit the goblin but do no damage.
* * * LOW HITPOINT WARNING * * *
You feel very sick. The goblin completely misses you.
The hobgoblin hits you but does no damage.
You miss the goblin.
* * * LOW HITPOINT WARNING * * *
You feel sick. The goblin hits you but does no damage. The hobgoblin hits you.
You die...

#. g g#g## g...#
#g#.# #.#.#
#.###...######
#.....gg......
######g.######
#@#.......#
#gggg.....#
#g.....#..#
####..)#..#
######..#..#
........>...#
#########..######
#<.......
#)#######


You could see Robin, 2 hobgoblins and 2 goblins.

Vanquished Creatures
  A gnoll (D:1)
  2 dart slugs (D:1)
  2 endoplasms
  7 goblins
  10 hobgoblins
  2 quokkas (D:1)
  A ball python (D:1)
  A bat (D:1)
  A frilled lizard (D:1)
  3 kobolds (D:1)
  3 rats (D:1)
33 creatures vanquished.

Notes
Turn   | Place    | Note
-------+----------+-------------------------------------------
     0 | D:1      | mcbry74 the Merfolk Gladiator began the quest for the Orb.
     0 | D:1      | Reached XP level 1. HP: 16/16 MP: 1/1
   198 | D:1      | Reached XP level 2. HP: 23/23 MP: 2/2
   285 | D:1      | Reached skill level 5 in Polearms
   369 | D:1      | HP: 1/23 [gnoll (3)]
   466 | D:1      | Reached XP level 3. HP: 10/29 MP: 3/3
  1293 | D:2      | Noticed Robin
  1300 | D:2      | HP: 1/29 [poisoned by a goblin]
  1300 | D:2      | Slain by a hobgoblin

Illustrated notes

Levels and vault maps discovered:
D:1:      saegor_arrival_under_anarchy, layout_basic
D:2:      layout_basic, basic_ecumenical_altar, uniq_robin

Skill      XL: |  1  2 |
---------------+-------+-----
Polearms       | 5 |  5.7
Fighting       | 3 |  3.5
Throwing       | |  2.0
Dodging        | |  4.0

Action                   || total
-------------------------++-------
Melee: Trident           ||    96
Throw: Stone             ||     3
       Throwing net      ||     1
 Stab: Sleeping          ||     3
Armor: Leather armour    ||    14
Dodge: Dodged            ||    38

Table legend: (Time is in decaauts)
 A = Elapsed time spent in this place.
 B = Non-inter-level travel time spent in this place.
 C = Inter-level travel time spent in this place.
 D = Time resting spent in this place.
 E = Time spent auto-exploring this place.
 F = Levels seen in this place.
 G = Mean time per level.
                   A        B        C        D        E       F      G
               +--------+--------+--------+--------+--------+-----+--------+
         Total |   1303 |   1277 |     26 |    274 |    653 |   2 |  651.5 |
       Dungeon |   1303 |   1277 |     26 |    274 |    653 |   2 |  651.5 |
               +--------+--------+--------+--------+--------+-----+--------+

Top non-repeatable levels by time:
     D:1: 1167 daAuts
     D:2: 136 daAuts
